 Dungeon Crawl Stone Soup version 0.20.1-1-g8b1a95d (webtiles) character file.

256712 tidbits the Black Belt (level 18, -17/156 HPs)
             Began as a Demigod Wanderer on Aug 20, 2017.
             Killed by the air
             ... invoked by a titan
              (28 damage)
             ... on level 5 of the Vaults on Aug 22, 2017.
             The game lasted 05:41:15 (16886 turns).

tidbits the Black Belt (Demigod Wanderer)          Turns: 16886, Time: 05:41:16

Health: -17/156    AC: 13    Str: 15    XL:     18   Next: 38%
Magic:  42/42      EV: 19    Int: 24    God:
Gold:   526        SH:  5    Dex: 17    Spells: 4/38 levels left

rFire    . . .     SeeInvis .     - Unarmed
rCold    . . .     Gourm    .   D - +0 buckler
rNeg     + + .     Faith    .   B - +1 troll leather armour
rPois    .         Spirit   .   E - +0 Maxwell's etheric cage {RegenMP+ *Contam rElec MP+4}
rElec    +         Reflect  .   C - +2 cloak {MR+}
rCorr    .         Harm     .   G - +0 pair of gloves
MR       +++++                  F - +2 pair of boots
Stlth    +++.......             I - amulet of regeneration
Regen    1.2/turn               W - ring of wizardry
MPRegen  0.3/turn               J - ring "Nufizon" {*Contam rN++ MR++ Stlth+}

@: very slightly contaminated
A: deterioration 1, dopey 1, high mp 1, magic resistance 1, mutation resistance
1
}: 2/15 runes: barnacled, gossamer
a: no special abilities


You were on level 5 of the Vaults.
You were not hungry.

You visited 6 branches of the dungeon, and saw 34 of its levels.
You also visited: Ossuary and Ice Cave.

You collected 2893 gold pieces.
You spent 2367 gold pieces at shops.

Inventory:

Hand Weapons
 g - a +6 blowgun
Missiles
 h - 14 curare-tipped needles
 m - 117 arrows
 n - 5 throwing nets (quivered) {!f}
Armour
 B - a +1 troll leather armour (worn)
 C - a +2 cloak of magic resistance (worn)
   (You bought it in a shop on level 2 of the Orcish Mines)
 D - a +0 buckler (worn)
 E - the +0 Maxwell's etheric cage (worn) {RegenMP+ *Contam rElec MP+4}
   (You found it on level 4 of the Shoals)

   It insulates you from electricity.
   It affects your magic capacity (+4).
   It causes magical contamination when unequipped.
 F - a +2 pair of boots (worn)
 G - a +0 pair of gloves (worn)
Jewellery
 I - an amulet of regeneration (around neck)
   (You found it on level 3 of the Dungeon)
 J - the ring "Nufizon" (right hand) {*Contam rN++ MR++ Stlth+}
   (You found it on level 6 of the Dungeon)

   [ring of stealth]

   It greatly protects you from negative energy.
   It affects your resistance to hostile enchantments.
   It causes magical contamination when unequipped.
   It makes you more stealthy.
 U - an uncursed ring of protection from fire
   (You found it on level 9 of the Dungeon)
 W - a ring of wizardry (left hand)
   (You bought it in a shop on level 2 of the Orcish Mines)
 X - an uncursed ring of protection from cold
   (You found it on level 4 of the Shoals)
Wands
 d - a wand of digging (5/24)
 i - a wand of iceblast (12/15)
 j - a wand of acid (9/15)
 k - a wand of acid (0/15)
 l - a wand of disintegration (8/24)
 K - a wand of lightning (5/15)
 N - a wand of confusion (25/48)
 S - a wand of iceblast (1/15)
Scrolls
 b - 2 scrolls of fog
 r - 14 scrolls of remove curse
 t - 6 scrolls of teleportation
 u - 5 scrolls of fear
 A - a scroll of amnesia
 L - 2 scrolls of magic mapping
 P - 4 scrolls of recharging
 Q - a scroll of blinking
 V - a scroll of immolation
Potions
 a - 5 potions of ambrosia
 e - a potion of invisibility {unknown}
 o - 3 potions of flight
 q - a potion of magic
 v - 14 potions of curing
 w - a potion of might
 z - 3 potions of haste
 H - 3 potions of mutation {!q}
 R - 2 potions of cancellation
 Y - 3 potions of resistance
 Z - 6 potions of agility
Miscellaneous
 x - a lamp of fire (inert)
 M - 2 boxes of beasts
Comestibles
 f - 13 bread rations


   Skills:
 + Level 12.7 Fighting
   Level 1.7 Axes
 - Level 1.0 Throwing
 - Level 10.3 Dodging
 - Level 1.0 Stealth
 - Level 4.0 Shields
 * Level 16.9 Unarmed Combat
 - Level 10.7 Spellcasting
 - Level 4.7 Conjurations
 - Level 4.0 Charms
 - Level 3.1 Necromancy
 - Level 7.6 Translocations
 - Level 12.4 Transmutations
   Level 2.1 Ice Magic
   Level 1.7 Air Magic
 - Level 10.1 Earth Magic


You had 4 spell levels left.
You knew the following spells:

 Your Spells              Type           Power        Failure   Level  Hunger
b - Blink                 Tloc           N/A          1%          2    None
k - Sticks to Snakes      Tmut           ######..     1%          2    None
l - Lesser Beckoning      Tloc           #####.....   1%          3    None
p - Passage of Golubria   Tloc           N/A          1%          4    None
r - Regeneration          Chrm/Necr      ####......   1%          3    None
s - Statue Form           Tmut/Erth      ######...    3%          6    #####..
w - Passwall              Tmut/Erth      ######....   1%          2    None
y - Song of Slaying       Chrm           ####....     1%          2    None
L - Lee's Rapid Deconstr  Erth           ######....   1%          5    ####...
R - Irradiate             Conj/Tmut      ######....   1%          5    ####...


Dungeon Overview and Level Annotations

Branches:
Dungeon (13/15)            Temple (0/1) D:7            Lair (6/6) D:10
 Shoals (4/4) Lair:2       Spider (4/4) Lair:4        Slime (0/5) Lair:6
    Orc (2/2) D:11            Elf (0/3) Orc:2        Vaults (5/5) D:13
  Crypt: Vaults:2-3

Shops:
Orc:1 }[   Orc:2 [(=*   Vaults:1 [!(   Vaults:3 *

Annotations:
D:3 Enish's ghost, weakling OpEE
Lair:2 exclusion: oklob plant
Shoals:4 Ilsuiw


Innate Abilities, Weirdness & Mutations

You have an increased reservoir of magic. (+10% MP)
Your body sometimes deteriorates upon taking damage.
You are dopey. (Int -2)
You are resistant to hostile enchantments. (MR+)
You are somewhat resistant to further mutation.


Message History

Your water moccasin bites the vault warden but does no damage.
The vault warden blocks your attack.
The vault warden is severely wounded.
The vault warden blocks your water moccasin's attack.
The vault warden barely misses your water moccasin.
The vault warden misses you.
The ironheart preserver hits you but does no damage.
The vault warden blocks your attack.
The vault warden is severely wounded.
The vault warden blocks your water moccasin's attack.
The vault warden hits your water moccasin with a war axe.
You block the vault warden's attack.
The ironheart preserver closely misses you.
The vault warden blocks your water moccasin's attack.
The vault warden blocks your attack.
The vault warden is severely wounded.
Your water moccasin bites the vault warden.
The ironheart preserver misses you.
The vault warden hits your water moccasin with a war axe!!
Your water moccasin dies!
The vault warden hits you but does no damage.
The vault warden shouts!
The vault warden blocks your attack.
The vault warden is severely wounded.
Your skin is crawling a little less now.
The ironheart preserver misses you.
The vault warden hits you but does no damage.
The vault warden blocks your attack.
The vault warden is severely wounded.
The ironheart preserver closely misses you.
The vault warden blocks your attack.
The vault warden is severely wounded.
The vault sentinel shouts!
The vault warden activates a sealing rune.
The ironheart preserver casts a spell.
The ironheart preserver begins to accept its allies' injuries.
A quicksilver dragon and a vault warden come into view.
The quicksilver dragon roars deafeningly!
You pulverise the vault warden!!!
The vault warden is almost dead.
The vault warden hits you with a war axe!
* * * LOW HITPOINT WARNING * * *
The ironheart preserver barely misses you.
Unknown command.
The vault warden blocks your attack.
The vault warden is almost dead.
You block the vault warden's attack.
The ironheart preserver gestures wildly while chanting.
The ironheart preserver begins to accept its allies' injuries.
The vault sentinel blows a loud note on a signal horn!
You barely miss the vault warden.
The vault warden is almost dead.
Your skin stops crawling.
The vault warden closely misses you.
The ironheart preserver completely misses you.
The ironbrand convoker gestures at something while chanting.
A deep elf mage comes into view. It is wielding a short sword.
The deep elf mage shouts!
You pummel the vault warden!!
You kill the vault warden!
The quicksilver dragon breathes dispelling energy at you.
The bolt of dispelling energy misses you.
The ironheart preserver barely misses you.
You hear a shout! x2
As you read the scroll of teleportation, it crumbles to dust.
You feel strangely unstable.
You block the quicksilver dragon's attack.
The quicksilver dragon closely misses you.
The ironheart preserver closely misses you.
The quicksilver dragon completely misses you. x2
A titan comes into view.
The quicksilver dragon breathes dispelling energy at you.
The bolt of dispelling energy hits you!
You feel strangely stable.
Your magical effects are unravelling.
* * * LOW HITPOINT WARNING * * *
The tengu reaver gestures wildly while chanting.
The vault warden activates a sealing rune.
The vault sentinel blows a loud note on a signal horn!
You hear a shout! x3; You hear a deafening roar!
You hear a shout!
You hear a deafening roar!
You hear a shout! x2
You revert to your normal fleshy form.
Your +0 pair of gloves unmelds from your body.
Your +2 pair of boots unmelds from your body.
Your +1 troll leather armour unmelds from your body.
You feel a little less agile now.
You hear a horrible gurgling sound! x4
The quicksilver dragon bites you!
* * * LOW HITPOINT WARNING * * *
The quicksilver dragon claws you.
* * * LOW HITPOINT WARNING * * *
The ironheart preserver hits you with a dire flail!
* * * LOW HITPOINT WARNING * * *
You feel much better.
The quicksilver dragon breathes dispelling energy at you.
The bolt of dispelling energy hits you!
* * * LOW HITPOINT WARNING * * *
The titan waves its arms in wide circles.
The air twists around and strikes you!
You die...

#..#,,,,,,,,,,**,*
#*C#,,,,,,,,,**,,,
#pQ#,,,,,,,***,,,,
#pe#,,,,,,+*,,,,,,
#.(#,,,,,*+,,,,,,,
#))#,,,***,,,,,,,,
#p.#,,**,,,,,,,,,,
#Dp#,**,,,,,,,,,,,
#@(#+*,,,,,,,,,,,,
#..#.#*,,,..$..,,,
#..#..##,.....,,,,
#..#}.(###...,,,,,
#..#.....#'.,,,,,,
#..#.....y'#,,,,,,
#..#..*.QCG###,,,,
#..#......u..##,,,
#.p#..pup.....##,*


You could see an ironheart preserver, a titan, a quicksilver dragon, a vault
warden, a tengu reaver, a vault sentinel, an ironbrand convoker, a deep elf mage
and a battlesphere.

Vanquished Creatures
  Mara (Shoals:4)
  Arachne (Spider:4)
  A tentacled monstrosity (Vaults:5)
  A quicksilver dragon (Vaults:5)
  A sphinx (Vaults:2)
  Polyphemus (Shoals:3)
  Agnes (Spider:4)
  3 fire giants
  9 vault wardens
  An orc warlord (Orc:2)
  A frost giant (Vaults:1)
  Aizul (Spider:1)
  2 ghost moths (Spider:4)
  5 emperor scorpions
  A war gargoyle (Vaults:4)
  3 ironheart preservers
  2 very ugly things (Vaults:5)
  7 stone giants
  3 entropy weavers
  Azrael (D:12)
  A deep elf annihilator (Vaults:1)
  3 ettins
  3 deep elf death magi
  A fire dragon (Vaults:4)
  4 merfolk javelineers
  A great orb of eyes (Vaults:2)
  Harold (Lair:1)
  3 yaktaur captains
  Erolcha (Orc:2)
  3 merfolk impalers
  A rakshasa (Vaults:1)
  A catoblepas (Shoals:4)
  8 vault guards
  3 hydras
  Fannar (Orc:1)
  5 ice dragons
  2 alligator snapping turtles
  15 two-headed ogres
  2 merfolk aquamancers (Shoals:4)
  2 merfolk avatars
  2 centaur warriors
  14 death yaks
  An orc high priest (Orc:2)
  A deep elf knight (Vaults:4)
  Sonja (D:11)
  3 shadow wraiths
  2 skeletal warriors (Vaults:3)
  A deep troll (D:11)
  11 sea snakes
  A flayed ghost (Vaults:1)
  An unseen horror (Vaults:1)
  9 deep elf archers
  A phantasmal warrior (Vaults:5)
  Pikel (D:8)
  A wizard (D:13)
  10 harpies
  7 ironbrand convokers
  11 orb spiders
  16 orc knights
  7 orc sorcerers
  5 necromancers
  26 wolf spiders
  4 ugly things (Vaults:1)
  5 cyclopes
  10 deep elf magi
  6 manticores
  2 fauns (Shoals:2)
  A moth of wrath (Spider:4)
  A stone giant skeleton (Vaults:4)
  5 water nymphs
  6 merfolk sirens
  12 elephants
  Joseph (D:8)
  A fire giant skeleton (Vaults:4)
  5 vault sentinels
  2 ice statues (IceCv)
  2 black mambas
  2 torpor snails
  Psyche (D:8)
  10 spiny frogs
  A gargoyle (D:11)
  3 freezing wraiths
  6 komodo dragons
  18 demonic crawlers
  20 yaktaurs
  14 rime drakes
  27 jumping spiders
  8 trolls
  11 merfolk
  A tengu simulacrum (Vaults:4)
  A wind drake (Shoals:3)
  3 polar bears (Lair:6)
  12 hornets
  4 snapping turtles
  12 slime creatures
  9 blink frogs
  12 hippogriffs
  6 dream sheep
  5 water elementals
  56 redbacks
  2 wyverns (Lair:6)
  A vampire (D:11)
  A wraith (Vaults:1)
  36 yaks
  3 spriggans
  16 tarantellas
  19 humans (D:13)
  2 basilisks
  4 fire elementals (D:12)
  Grum (D:8)
  4 vampire mosquitoes (D:13)
  3 hungry ghosts
  Edmund (D:4)
  4 wargs
  10 water moccasins
  An acid dragon (Vaults:1)
  4 hell hounds (D:12)
  A water moccasin (shapeshifter) (Vaults:5)
  10 porcupines
  2 phantoms (D:10)
  19 ice beasts
  28 orc warriors
  2 sky beasts
  A slave (D:8)
  A black bear (D:11)
  A necrophage (D:12)
  12 ogres
  6 centaurs
  12 crocodiles
  6 wolves
  An elf zombie (Ossuary)
  14 bullfrogs
  2 big kobolds
  A human simulacrum (Vaults:3)
  A gnoll sergeant (D:10)
  A scorpion (D:10)
  6 killer bees (D:10)
  A troll skeleton (D:7)
  6 wights
  5 electric eels
  3 crimson imps
  3 howler monkeys
  A hound (D:10)
  2 quasits
  A centaur zombie (D:6)
  6 human zombies
  A gnoll shaman (D:11)
  3 jellies
  17 orc priests
  31 orc wizards
  A bullfrog skeleton (D:11)
  A centaur skeleton (D:5)
  An iguana (shapeshifter) (Vaults:4)
  3 human skeletons
  7 iguanas
  9 worker ants
  A hound zombie (D:11)
  4 mummies
  2 worker ant zombies
  A howler monkey skeleton (D:8)
  6 adders
  8 gnolls
  3 shadow imps
  An adder zombie (D:5)
  8 oozes
  3 worms
  2 dart slugs
  4 leopard geckos
  74 orcs
  7 bats
  4 giant cockroaches
  A gnoll zombie (Ossuary)
  5 hobgoblins
  4 jackals (D:7)
  4 quokkas
  A ball python (D:8)
  2 frilled lizards
  4 goblins (D:2)
  A goblin zombie (D:4)
  A jackal zombie (Ossuary)
  14 kobolds
  A leopard gecko skeleton (D:4)
  An orc zombie (Ossuary)
  5 rats
  2 rat zombies
  2 fungi (D:10)
1061 creatures vanquished.

Vanquished Creatures (collateral kills)
  A titan (Vaults:5)
  2 merfolk impalers
  A yaktaur captain (Vaults:4)
  A hydra (Lair:6)
  A merfolk aquamancer (Shoals:4)
  2 ogre magi
  A merfolk avatar (Shoals:2)
  A death yak (Lair:4)
  A deep elf archer (Vaults:4)
  A manticore (Shoals:4)
  An elephant (Lair:6)
  A spiny frog (Lair:2)
  A yaktaur (Vaults:3)
  A komodo dragon (Lair:6)
  A rime drake (Lair:6)
  2 merfolk
  A wind drake (Shoals:4)
  A hornet (Lair:6)
  A jumping spider (Spider:3)
  8 dream sheep
  4 blink frogs (Lair:6)
  2 redbacks (Spider:1)
  2 yaks (Lair:6)
  Menkaure (D:4)
  A water moccasin (Lair:6)
  An ice beast (IceCv)
  An ogre (D:5)
  2 centaurs
  A crocodile (Lair:4)
  A crimson imp (D:6)
  A human zombie (Ossuary)
  A jelly (Lair:6)
  2 orc wizards (D:7)
  An iguana (D:4)
  A worker ant (D:5)
  A big kobold zombie (Ossuary)
  2 mummies (Ossuary)
  3 adders
  An ooze (Lair:6)
  6 orcs
  A goblin (D:3)
  2 kobold zombies (Ossuary)
  An orc zombie (Ossuary)
  A rat zombie (Ossuary)
70 creatures vanquished.

Vanquished Creatures (others)
  2 deep elf knights
  A yak (Lair:6)
  A slave (D:8)
  An orc wizard (Orc:1)
  A gnoll (D:11)
  An adder skeleton (D:7)
  An orc (D:8)
  A quokka (D:7)
  4 fungi
  11 plants
24 creatures vanquished.

Grand Total: 1155 creatures vanquished

Notes
Turn   | Place    | Note
-------+----------+-------------------------------------------
     0 | D:1      | tidbits the Demigod Wanderer began the quest for the Orb.
     0 | D:1      | tidbits set off with: a book of Minor Magic, the Almanac of Conjuration, a +0 hand axe, a +0 robe, a bread ration
     0 | D:1      | Reached XP level 1. HP: 16/16 MP: 6/6
     0 | D:1      | Identified the Almanac of Conjuration
    82 | D:2      | Reached skill level 1 in Dodging
   156 | D:1      | Reached XP level 2. HP: 17/23 MP: 8/8
   367 | D:1      | Reached skill level 2 in Dodging
   589 | D:3      | Noticed Enish's ghost (weakling OpEE)
   617 | D:3      | Reached skill level 2 in Fighting
   617 | D:3      | Reached XP level 3. HP: 8/30 MP: 3/9
   619 | D:3      | HP: 3/30 [orc/mace (6)]
   858 | D:2      | Reached XP level 4. HP: 19/37 MP: 10/10
   877 | D:2      | Reached skill level 3 in Fighting
  1071 | D:2      | Learned a level 2 spell: Sticks to Snakes
  1201 | D:3      | Reached skill level 1 in Transmutations
  1292 | D:4      | Noticed Edmund
  1308 | D:4      | Killed Edmund
  1308 | D:4      | Reached skill level 3 in Transmutations
  1308 | D:4      | Reached XP level 5. HP: 25/45 MP: 7/11
  1334 | D:4      | Found a sand-covered staircase.
  1341 | Ossuary  | Entered an ossuary
  1455 | Ossuary  | Reached skill level 4 in Transmutations
  1455 | Ossuary  | Reached XP level 6. HP: 51/51 MP: 3/13
  1675 | D:5      | Entered Level 5 of the Dungeon
  1704 | D:4      | Noticed Menkaure
  1719 | D:4      | Killed Menkaure
  1719 | D:4      | Reached skill level 5 in Transmutations
  1728 | D:4      | Found a shimmering altar of Xom.
  1728 | D:4      | Found a burning altar of Makhleb.
  1830 | D:4      | Found a snail-covered altar of Cheibriados.
  1859 | D:5      | Reached XP level 7. HP: 37/57 MP: 5/14
  1941 | D:5      | Reached skill level 6 in Transmutations
  2024 | D:6      | Reached skill level 1 in Unarmed Combat
  2034 | D:6      | Reached skill level 2 in Unarmed Combat
  2043 | D:6      | Learned a level 3 spell: Spider Form
  2123 | D:6      | Reached skill level 3 in Unarmed Combat
  2315 | D:5      | Reached skill level 4 in Unarmed Combat
  2410 | D:6      | Got a crude lapis lazuli ring
  2411 | D:6      | Identified the ring "Nufizon" {*Contam rN++ MR++ Stlth+} (You found it on level 6 of the Dungeon)
  2427 | D:6      | Identified the Volume of the Birds and Aid
  2569 | D:7      | Reached skill level 5 in Unarmed Combat
  2569 | D:7      | Reached XP level 8. HP: 63/63 MP: 8/15
  2639 | D:6      | Reached skill level 6 in Unarmed Combat
  2692 | D:8      | Noticed Grum
  2701 | D:8      | Killed Grum
  2710 | D:8      | Reached skill level 7 in Unarmed Combat
  2724 | D:8      | Found a burning altar of Makhleb.
  2746 | D:8      | Noticed Psyche
  2770 | D:8      | Killed Psyche
  2770 | D:8      | Reached skill level 8 in Unarmed Combat
  2773 | D:8      | Noticed Joseph
  2881 | D:8      | Noticed a two-headed ogre
  2910 | D:8      | Killed a two-headed ogre
  2910 | D:8      | Reached skill level 7 in Transmutations
  2910 | D:8      | Reached XP level 9. HP: 53/69 MP: 6/16
  2962 | D:8      | Reached skill level 8 in Transmutations
  2972 | D:7      | Found a radiant altar of Vehumet.
  2972 | D:7      | Noticed Pikel
  2993 | D:8      | Killed Pikel
  3002 | D:8      | Learned a level 5 spell: Blade Hands
  3006 | D:8      | Learned a level 2 spell: Blink
  3020 | D:7      | Reached skill level 9 in Transmutations
  3066 | D:7      | Found a staircase to the Ecumenical Temple.
  3197 | D:8      | Killed Joseph
  3197 | D:8      | Reached skill level 3 in Spellcasting
  3197 | D:8      | Reached skill level 1 in Translocations
  3339 | D:7      | Found a basalt altar of Yredelemnul.
  3375 | D:7      | Reached skill level 4 in Spellcasting
  3384 | D:7      | Learned a level 3 spell: Ozocubu's Armour
  3535 | D:9      | Reached skill level 1 in Charms
  3535 | D:9      | Reached XP level 10. HP: 65/77 MP: 11/20
  3570 | D:9      | Reached skill level 1 in Ice Magic
  3599 | D:9      | Reached skill level 2 in Charms
  3602 | D:9      | Reached skill level 2 in Ice Magic
  3648 | D:9      | tidbits: book of Transfigurations
  3748 | D:10     | Entered Level 10 of the Dungeon
  3763 | D:11     | Noticed a cyclops
  3771 | D:11     | Killed a cyclops
  3771 | D:11     | Reached skill level 5 in Spellcasting
  3793 | D:11     | Noticed a cyclops
  3850 | D:10     | Found a staircase to the Lair.
  3853 | D:10     | Reached skill level 6 in Spellcasting
  4153 | D:10     | Noticed a two-headed ogre
  4164 | D:10     | Killed a two-headed ogre
  4164 | D:10     | Reached skill level 4 in Fighting
  4164 | D:10     | Reached skill level 3 in Dodging
  4216 | D:10     | Noticed a two-headed ogre
  4227 | D:10     | Killed a two-headed ogre
  4434 | D:11     | Reached skill level 4 in Dodging
  4438 | D:11     | Noticed a two-headed ogre
  4438 | D:11     | Noticed Sonja
  4453 | D:11     | Killed a two-headed ogre
  4453 | D:11     | Reached skill level 9 in Unarmed Combat
  4453 | D:11     | Reached XP level 11. HP: 70/85 MP: 11/24
  4488 | D:11     | HP: 8/85 [cyclops/large rock (31)]
  4493 | D:11     | Reached skill level 5 in Fighting
  4775 | D:9      | Reached skill level 5 in Dodging
  4966 | D:11     | Reached skill level 6 in Fighting
  5028 | D:12     | Noticed Azrael
  5050 | D:12     | Killed Azrael
  5050 | D:12     | Reached skill level 7 in Fighting
  5084 | D:12     | Noticed a two-headed ogre
  5112 | D:12     | Killed a two-headed ogre
  5112 | D:12     | Reached skill level 6 in Dodging
  5178 | D:12     | Reached skill level 7 in Dodging
  5223 | D:12     | Noticed a two-headed ogre
  5287 | D:11     | Noticed a two-headed ogre
  5292 | D:11     | Killed Sonja
  5302 | D:11     | Killed a two-headed ogre
  5302 | D:11     | Reached skill level 8 in Dodging
  5451 | D:11     | Reached XP level 12. HP: 91/100 MP: 16/25
  5456 | D:11     | Learned a level 2 spell: Song of Slaying
  5471 | D:11     | Found a staircase to the Orcish Mines.
  5548 | Lair:1   | Entered Level 1 of the Lair of Beasts
  5710 | Lair:1   | Noticed Harold
  5721 | Lair:1   | Killed Harold
  5914 | Lair:2   | Reached skill level 10 in Unarmed Combat
  6032 | Lair:2   | Found a staircase to the Shoals.
  6047 | Lair:2   | Reached skill level 8 in Fighting
  6182 | Lair:2   | Reached skill level 11 in Unarmed Combat
  6247 | Lair:2   | Learned a level 6 spell: Statue Form
  6479 | Lair:3   | Reached skill level 10 in Transmutations
  6487 | Lair:3   | Noticed a six-headed hydra
  6493 | Lair:3   | Killed a six-headed hydra
  6696 | Lair:4   | Learned a level 4 spell: Ice Form
  6750 | Lair:4   | Reached XP level 13. HP: 77/108 MP: 8/27
  6777 | Lair:4   | Reached skill level 11 in Transmutations
  6813 | Lair:4   | Found a frozen archway.
  6831 | IceCv    | Entered an ice cave
  6902 | IceCv    | Reached skill level 1 in Earth Magic
  7012 | IceCv    | Reached skill level 2 in Earth Magic
  7304 | IceCv    | Gained mutation: You have a pair of small antennae on your head. [potion of mutation]
  7304 | IceCv    | Gained mutation: Your muscles are strong. (Str +2) [potion of mutation]
  7377 | Lair:4   | Reached skill level 3 in Earth Magic
  7504 | Lair:4   | Found a hole to the Spider Nest.
  7544 | Lair:4   | Identified a scroll of acquirement
  7545 | Lair:4   | Got a transparent cloak
  7551 | Lair:4   | Identified the +2 cloak of Likloep {Stlth+} (You acquired it on level 4 of the Lair of Beasts)
  7721 | Lair:6   | Entered Level 6 of the Lair of Beasts
  7750 | Lair:5   | Reached skill level 4 in Earth Magic
  8043 | Lair:6   | Reached skill level 7 in Spellcasting
  8073 | Lair:6   | Learned a level 3 spell: Regeneration
  8121 | Lair:6   | Learned a level 4 spell: Passage of Golubria
  8158 | Lair:6   | Reached skill level 1 in Necromancy
  8207 | Lair:6   | Reached skill level 3 in Charms
  8229 | Lair:6   | Reached skill level 2 in Necromancy
  8229 | Lair:6   | Reached skill level 2 in Translocations
  8288 | Lair:6   | Found a staircase to the Slime Pits.
  8404 | Lair:6   | Reached skill level 3 in Translocations
  8406 | Lair:6   | Reached skill level 3 in Necromancy
  8410 | Lair:6   | Reached skill level 4 in Charms
  8446 | Lair:6   | Got a ruby-encrusted leather armour
  8457 | Lair:6   | Identified the +2 leather armour of Monotheism {Str+5} (You found it on level 6 of the Lair of Beasts)
  8472 | Lair:6   | Got a tattered robe
  8527 | Lair:6   | Reached skill level 4 in Translocations
  8549 | Lair:6   | Identified the +4 robe of Mahy {rElec MR- rCorr Int+6} (You found it on level 6 of the Lair of Beasts)
  8581 | Lair:6   | Reached skill level 8 in Spellcasting
  8662 | Lair:6   | Reached XP level 14. HP: 85/116 MP: 6/30
  8697 | Lair:5   | Learned a level 2 spell: Passwall
  8880 | Lair:6   | Reached skill level 5 in Earth Magic
  8935 | Lair:6   | Identified Jaxkukk's Incunabulum of Displaced Sinister Arts
  9036 | Lair:4   | Reached skill level 6 in Earth Magic
  9079 | Spider:1 | Entered Level 1 of the Spider Nest
  9145 | Spider:1 | Noticed an emperor scorpion
  9201 | Spider:2 | Reached skill level 7 in Earth Magic
  9212 | Spider:2 | HP: 11/116 [demonic crawler (6)]
  9285 | Spider:1 | Noticed Aizul
  9306 | Spider:1 | Killed Aizul
  9360 | Spider:1 | Reached skill level 8 in Earth Magic
  9398 | Spider:1 | Killed an emperor scorpion
  9545 | Spider:2 | Reached skill level 9 in Earth Magic
  9693 | Spider:3 | Reached skill level 1 in Shields
  9734 | Spider:3 | Reached skill level 2 in Shields
  9854 | Spider:2 | Reached skill level 10 in Earth Magic
  9935 | Spider:4 | Entered Level 4 of the Spider Nest
  9963 | Spider:4 | Reached skill level 3 in Shields
  9995 | Spider:4 | Killed a ghost moth
 10056 | Spider:4 | Reached skill level 4 in Shields
 10076 | Spider:4 | Reached skill level 12 in Transmutations
 10172 | Spider:4 | Reached XP level 15. HP: 123/123 MP: 25/31
 10187 | Spider:4 | Noticed Arachne
 10223 | Spider:4 | Noticed Agnes
 10226 | Spider:4 | Killed Agnes
 10237 | Spider:4 | Killed Arachne
 10292 | Spider:4 | Reached skill level 9 in Fighting
 10371 | Spider:4 | Reached skill level 12 in Unarmed Combat
 10725 | Spider:4 | Got a gossamer rune of Zot
 11044 | Spider:4 | Identified the amulet "Jaxiegh" {Harm *Drain rPois Dex+2} (You found it on level 4 of the Spider Nest)
 11171 | Lair:4   | Learned a level 5 spell: Irradiate
 11249 | Lair:3   | Reached skill level 1 in Conjurations
 11379 | Lair:1   | Learned a level 3 spell: Lesser Beckoning
 11437 | Orc:1    | Entered Level 1 of the Orcish Mines
 11437 | Orc:1    | Found Aqis's Antique Armour Emporium.
 11448 | D:11     | Reached skill level 2 in Conjurations
 11479 | D:11     | Reached skill level 3 in Conjurations
 11551 | D:11     | Reached skill level 4 in Conjurations
 11641 | Orc:1    | Found Fuerin's Gadget Emporium.
 11653 | Orc:1    | Bought a glowing cloak for 187 gold pieces
 11816 | Orc:2    | Entered Level 2 of the Orcish Mines
 11861 | Orc:1    | Noticed Fannar
 11869 | Orc:1    | Reached skill level 10 in Fighting
 11872 | Orc:1    | Killed Fannar
 11872 | Orc:1    | Reached skill level 13 in Unarmed Combat
 11964 | Orc:1    | Found a roughly hewn altar of Beogh.
 12121 | Orc:2    | Found a staircase to the Elven Halls.
 12264 | Orc:2    | Noticed Erolcha
 12286 | Orc:2    | Killed Erolcha
 12347 | Orc:2    | Reached XP level 16. HP: 134/134 MP: 27/33
 12361 | Orc:2    | Found a roughly hewn altar of Beogh.
 12408 | Orc:2    | Found Heixot's Antique Armour Shoppe.
 12434 | Orc:2    | Found Hamuwob's Jewellery Shoppe.
 12451 | Orc:2    | Found Jazab's General Store.
 12458 | Orc:2    | Bought a scroll of identify for 30 gold pieces
 12458 | Orc:2    | Bought a scroll of magic mapping for 52 gold pieces
 12458 | Orc:2    | Bought a scroll of teleportation for 45 gold pieces
 12468 | Orc:2    | Found Bofad's Antique Weapon Shoppe.
 12498 | Orc:2    | Bought an uncursed ring of wizardry for 390 gold pieces
 12512 | Orc:2    | Bought a +2 cloak of magic resistance for 322 gold pieces
 12700 | Shoals:1 | Entered Level 1 of the Shoals
 12806 | Shoals:1 | Noticed a titan
 13256 | Shoals:4 | Entered Level 4 of the Shoals
 13388 | Shoals:4 | Noticed Mara
 13389 | Shoals:4 | Noticed tidbits's illusion
 13490 | Shoals:4 | Killed Mara
 13490 | Shoals:4 | Reached skill level 14 in Unarmed Combat
 13490 | Shoals:4 | Reached skill level 9 in Spellcasting
 13664 | Shoals:4 | Reached skill level 11 in Fighting
 13687 | Shoals:4 | Lost mutation: You have a pair of small antennae on your head. [potion of mutation]
 13687 | Shoals:4 | Lost mutation: Your muscles are strong. (Str +2) [potion of mutation]
 13687 | Shoals:4 | Gained mutation: You are resistant to hostile enchantments. (MR+) [potion of mutation]
 13687 | Shoals:4 | Gained mutation: You are dopey. (Int -2) [potion of mutation]
 13687 | Shoals:4 | Gained mutation: You are somewhat resistant to further mutation. [potion of mutation]
 13860 | Shoals:4 | Noticed Ilsuiw
 13896 | Shoals:4 | Noticed Polyphemus
 13905 | Shoals:3 | Killed Polyphemus
 14118 | Shoals:4 | Got a barnacled rune of Zot
 14580 | D:13     | Found a gate to the Vaults.
 14588 | D:13     | Reached skill level 15 in Unarmed Combat
 14620 | Vaults:1 | Entered Level 1 of the Vaults
 14681 | Vaults:1 | Reached XP level 17. HP: 112/145 MP: 36/36
 14790 | Vaults:1 | Reached skill level 10 in Spellcasting
 14939 | Vaults:1 | Reached skill level 5 in Translocations
 15052 | Vaults:1 | Found Tyckat's Antique Weapon Shoppe.
 15136 | Vaults:1 | Found Hirrav's Distillery.
 15146 | Vaults:1 | Reached skill level 6 in Translocations
 15191 | Vaults:1 | Bought a potion of resistance for 160 gold pieces
 15191 | Vaults:1 | Bought 2 potions of haste for 320 gold pieces
 15191 | Vaults:1 | Bought a potion of haste for 160 gold pieces
 15191 | Vaults:1 | Bought a potion of cancellation for 128 gold pieces
 15191 | Vaults:1 | Bought a potion of cancellation for 128 gold pieces
 15191 | Vaults:1 | Bought 2 potions of agility for 128 gold pieces
 15191 | Vaults:1 | Bought a potion of mutation for 128 gold pieces
 15211 | Vaults:1 | Found Mozaduq's Armour Emporium.
 15281 | Vaults:2 | Reached skill level 7 in Translocations
 15310 | Vaults:2 | Gained mutation: Your body sometimes deteriorates upon taking damage. [mutagenic glow]
 15352 | Vaults:2 | Learned a level 5 spell: Lee's Rapid Deconstruction
 15433 | Vaults:2 | Reached skill level 9 in Dodging
 15580 | Vaults:2 | Reached skill level 12 in Fighting
 15712 | Vaults:3 | Found a shimmering altar of Xom.
 15785 | Vaults:3 | Found Zaxzugg's General Store.
 15801 | Vaults:3 | Reached skill level 16 in Unarmed Combat
 15861 | Vaults:3 | Bought a scroll of blinking for 135 gold pieces
 15861 | Vaults:3 | Bought a scroll of teleportation for 54 gold pieces
 16241 | Vaults:4 | Reached XP level 18. HP: 68/155 MP: 37/37
 16459 | Vaults:4 | Reached skill level 10 in Dodging
 16484 | Vaults:4 | Got a serpentine marble ring
 16486 | Vaults:4 | Identified the ring of Olosos {+Blink Str+3} (You acquired it on level 4 of the Vaults)
 16672 | Vaults:5 | Entered Level 5 of the Vaults
 16672 | Vaults:5 | Noticed a tentacled monstrosity
 16674 | Vaults:5 | Noticed a tentacled monstrosity
 16818 | Vaults:5 | Noticed a tentacled monstrosity
 16844 | Vaults:5 | Killed a tentacled monstrosity
 16886 | Vaults:5 | HP: 11/156 [quicksilver dragon/bolt of dispelling energy (34)]
 16886 | Vaults:5 | Killed from afar by a titan

Skill      XL: |  1  2  3  4  5  6  7  8  9 10 11 12 13 14 15 16 17 18 |
---------------+-------------------------------------------------------+-----
Dodging        | 1 2 4 8 9 10 | 10.3
Fighting       | 2 3 4 7 8 10 11 12 | 12.7
Transmutations | 3 4 5 6 7 9 10 11 12 | 12.4
Unarmed Combat | 5 8 9 11 13 15 16 | 16.9
Spellcasting   | 4 6 8 9 10 | 10.7
Translocations | 1 4 7 |  7.6
Charms         | 1 2 4 |  4.0
Ice Magic      | 2 |  2.1
Earth Magic    | 4 10 | 10.1
Necromancy     | 3 |  3.1
Shields        | 4 |  4.0
Conjurations   | 4 |  4.7
Axes           | |  1.7
Throwing       | |  1.0
Stealth        | |  1.0
Air Magic      | |  1.7

Action                   |  1- 3 |  4- 6 |  7- 9 | 10-12 | 13-15 | 16-18 || total
-------------------------+-------+-------+-------+-------+-------+-------++-------
Melee: Hand axe          |    30 |       |       |       |       |       ||    30
       Dagger            |    64 |   171 |    63 |       |       |       ||   298
       Unarmed           |       |       |   213 |   561 |  1277 |  1111 ||  3162
       Punch             |       |       |     2 |    26 |    37 |       ||    65
 Fire: Blowgun           |       |       |       |       |    45 |       ||    45
Throw: Tomahawk          |       |       |       |     3 |     1 |       ||     4
 Cast: Sticks to Snakes  |       |    31 |    34 |    22 |    57 |    73 ||   217
       Spider Form       |       |       |    19 |     2 |       |       ||    21
       Blade Hands       |       |       |     3 |    56 |    34 |       ||    93
       Ozocubu's Armour  |       |       |     2 |    37 |    22 |       ||    61
       Blink             |       |       |     2 |    14 |    21 |    54 ||    91
       Song of Slaying   |       |       |       |     3 |     3 |       ||     6
       Ice Form          |       |       |       |       |     6 |       ||     6
       Regeneration      |       |       |       |       |    33 |    76 ||   109
       Statue Form       |       |       |       |       |    47 |    71 ||   118
       Passwall          |       |       |       |       |    26 |    27 ||    53
       Passage of Golubr |       |       |       |       |    11 |    89 ||   100
       Irradiate         |       |       |       |       |     7 |    23 ||    30
       Lesser Beckoning  |       |       |       |       |       |    31 ||    31
       Lee's Rapid Decon |       |       |       |       |       |     2 ||     2
 Abil: End Transformatio |       |       |     2 |     5 |    17 |     4 ||    28
Evoke: Wand              |       |       |     7 |     3 |    18 |     8 ||    36
       Lamp of fire      |       |       |       |       |     1 |     1 ||     2
  Use: Scroll            |     3 |     4 |     6 |    12 |    25 |    23 ||    73
       Potion            |     1 |     2 |     1 |     2 |     5 |    15 ||    26
 Stab: Sleeping          |     2 |       |    11 |     3 |     7 |     4 ||    27
       Distracted        |       |     2 |     2 |       |     6 |     6 ||    16
       Confused          |       |       |     1 |       |       |       ||     1
  Eat: Chunk             |       |     1 |    10 |    25 |    12 |    31 ||    79
       Fruit             |       |     4 |       |       |     3 |     5 ||    12
       Royal jelly       |       |       |     1 |       |     5 |     1 ||     7
       Meat ration       |       |       |       |     1 |     5 |     2 ||     8
       Bread ration      |       |       |       |       |     2 |     3 ||     5
Armor: Robe              |    15 |       |       |       |       |       ||    15
       Ring mail         |     5 |    53 |    25 |       |       |       ||    83
       Skin              |       |       |    11 |       |   890 |   712 ||  1613
       Leather armour    |       |       |     6 |    45 |       |       ||    51
       Troll leather arm |       |       |       |    59 |   128 |    25 ||   212
Dodge: Dodged            |    51 |    61 |   190 |   310 |  1744 |  1174 ||  3530
Block: Buckler           |       |       |       |       |   265 |   370 ||   635

Table legend:
 A = Turns spent in this place as a percentage of turns spent in the entire game.
 B = Non-inter-level travel turns spent in this place as a percentage of non-inter-level travel turns spent in the entire game.
 C = Inter-level travel turns spent in this place as a percentage of turns spent in this place.
 D = Turns resting spent in this place as a percentage of non-inter-level travel turns spent in this place.
 E = Turns spent auto-exploring this place as a percentage of non-inter-level travel turns spent in this place.
 F = Non-inter-level travel turns spent in this place divided by the number of levels of this place that you've seen.
                   A       B       C       D       E      F
               +-------+-------+-------+-------+-------+----------------------
         Total | 100.0 | 100.0 |   0.1 |   0.0 |   0.0 | 478.6
       Dungeon |  33.3 |  33.3 |   0.1 |   0.0 |   0.0 | 440.8
          Lair |  20.2 |  20.2 |   0.1 |   0.0 |   0.0 | 579.2
        Shoals |   9.2 |   9.2 |   0.1 |   0.0 |   0.0 | 397.5
   Spider Nest |  12.8 |  12.8 |   0.1 |   0.0 |   0.0 | 552.8
  Orcish Mines |   5.9 |   5.9 |   0.2 |   0.0 |   0.0 | 511.0
        Vaults |  14.6 |  14.6 |   0.0 |   0.0 |   0.0 | 502.8
       Ossuary |   1.6 |   1.6 |   0.0 |   0.0 |   0.0 | 279.0
      Ice Cave |   2.4 |   2.4 |   0.0 |   0.0 |   0.0 | 407.0
               +-------+-------+-------+-------+-------+----------------------

Table legend:
 A = Kills in this place as a percentage of kills in entire the game.
 B = Kills by you in this place as a percentage of kills by you in the entire game.
 C = Kills by friends in this place as a percentage of kills by friends in the entire game.
 D = Other kills in this place as a percentage of other kills in the entire game.
 E = Experience gained in this place as a percentage of experience gained in the entire game.
 F = Experience gained in this place divided by the number of levels of this place that you have seen.
                   A       B       C       D       E      F
               +-------+-------+-------+-------+-------+----------------------
         Total | 100.0 | 100.0 | 100.0 | 100.0 | 100.0 | 10674.5
       Dungeon |  31.2 |  31.6 |  25.7 |   0.0 |  11.5 | 3412.8
          Lair |  15.8 |  14.7 |  31.4 |   0.0 |  14.2 | 9077.3
        Shoals |   7.9 |   7.3 |  17.1 |   0.0 |  14.6 | 13993.8
   Spider Nest |  16.1 |  16.9 |   4.3 |   0.0 |  19.6 | 18828.0
  Orcish Mines |   9.5 |  10.1 |   0.0 |   0.0 |   3.9 | 7489.0
        Vaults |  16.4 |  16.8 |   8.6 | 100.0 |  34.8 | 26769.8
       Ossuary |   1.4 |   0.8 |  11.4 |   0.0 |   0.1 | 204.0
      Ice Cave |   1.8 |   1.8 |   1.4 |   0.0 |   1.3 | 5133.0
               +-------+-------+-------+-------+-------+----------------------

Vault maps used:
D:1:      dpeg_arrival_oval, minmay_misc_feat_cross
D:3:      first_bread
D:4:      grunt_temple_overflow_champion_of_chaos,
          gammafunk_temple_overflow_wave, kennysheep_slug_shrine,
          enter_ossuary_4, nicolae_tso_besieged_by_evil, uniq_edmund,
          uniq_menkaure
D:6:      minmay_a_box_with_orc_wizards_in_it
D:7:      lemuel_crystal_altar, lemuel_mausoleum_altar_yredelemnul,
          temple_fountains, uniq_pikel
D:8:      basic_altar, st_stairs_12, uniq_joseph, uniq_grum, uniq_psyche
D:10:     due_lair_maze_entry_diamond
D:11:     orc_0_dummy, the_bakery, uniq_sonja
D:12:     eino_jars, uniq_azrael, uniq_rupert
D:13:     minmay_wizard_corner, grunt_vaults_entry_tiered, basic_altar
Lair:1:   uniq_harold
Lair:2:   wad_woods_tower, minmay_shoals_entry_beasts, grunt_megastairs_3
Lair:3:   beast_lair_carwin_9, grunt_megastairs_2
Lair:4:   lemuel_slime, spider_nest_entry_web_field,
          portal_ice_cave_entry_pillars_1, serial_bayou_pond_d
Lair:5:   minmay_lair_drake_nest
Lair:6:   gammafunk_lair_ancient_temple, nicolae_slime_entry_slimehenge
Shoals:1: cheibrodos_shoals_gigantism, nicolae_shoals_circle_sea_wall
Shoals:4: shoals_end_hangedman, shoals_ilsuiw_ice, nicolae_shoals_water_shrine,
          uniq_mara, uniq_polyphemus
Spider:1: uniq_aizul
Spider:2: spider_trap, hangedman_spider_tarantella_strand
Spider:4: guppyfry_spider_rune, nicolae_spider_webs_and_nodes, uniq_arachne,
          uniq_agnes
Orc:1:    serial_shops, shop, basic_altar, guppyfry_orc_lava_fort, uniq_fannar
Orc:2:    grunt_orc_cross, special_room, uniq_erolcha
Vaults:1: nicolae_vaults_mini_display_case, nicolae_vaults_network_square,
          nicolae_vaults_angled_halls, v_rooms_2, v_misc_1, serial_ice_b,
          vaults_room_semicircle, nicolae_vaults_little_squares_3, v_misc_30,
          serial_shops, nicolae_shop_trees, nicolae_shop_overgrown_old_shop,
          shop, nicolae_shop_trees, shop
Vaults:2: nicolae_vaults_inception_statues, hangedman_vaults_stagger,
          vaults_room_fours, vaults_room_pool, v_misc_18, hangedman_vaults_maws,
          ontoclasm_vaults_water_temple, v_misc_25, grunt_vaults_funnel,
          hangedman_vaults_cutoff
Vaults:3: nicolae_vaults_network_barrier, minmay_crypt_entry_skeletal_spiral,
          grunt_vaults_hallway_short, nicolae_vaults_three_branches,
          v_alt_pattern_2, ontoclasm_vaults_shuriken, hangedman_vaults_pinch,
          hangedman_vaults_slice, ontoclasm_vaults_fire_temple,
          vaults_dpeg_doors, vaults_mumra_hexcomb, vaults_mumra_chevron,
          vaults_room_large_hall, serial_shops,
          nicolae_shop_temple_entry_statues_fountains, shop_fountains,
          nicolae_shop_stone, shop, nicolae_shop_trees, basic_altar, uniq_mennas
Vaults:4: ontoclasm_vaults_misaligned, v_misc_12, v_pattern_3, st_cells,
          nicolae_vaults_big_angled_halls, v_misc_10, v_misc_29, v_misc_19,
          hangedman_vaults_trim, nicolae_vaults_what_the_h, vaults_dpeg_ring
Ossuary:  ossuary_minmay_tomb_2a
IceCv:    ice_cave_small_dragons
